 Dungeon Crawl Stone Soup version 0.31.0-32-g396128a36d (webtiles) character file.

Game seed: 4607852405684724873

81 KKCryptic the Insei (level 4, -3/28 HPs)
             Began as an Octopode Shapeshifter on Mar 29, 2024.
             Was a Priest of Uskayaw.
             Killed from afar by Natasha (11 damage)
             ... with a puff of flame
             ... on level 3 of the Dungeon.
             The game lasted 00:04:22 (1404 turns).

KKCryptic the Insei (Octopode Shapeshifter)         Turns: 1404, Time: 00:04:24

Health: -3/28      AC:  1    Str: 13    XL:     4   Next: 40%
Magic:  1/4        EV: 13    Int: 12    God:    Uskayaw [***...]
Gold:   91         SH:  0    Dex: 13    Spells: 3/3 levels left

rFire   . .          .
                       - Unarmed
rCold   . . .        (no shield)
rNeg    . . .        (helmet currently unavailable)
rPois   .            (no amulet)
rElec   .            (no ring)
rCorr   .            (no ring)
SInv    .            (no ring)
Will    .....        (no ring)
Stlth   +++          (no ring)
HPRegen 0.24/turn    (no ring)
MPRegen 0.09/turn    (no ring)
                     (no ring)

%: no passive effects
@: beast-form
A: beast (slay +2), almost no armour, amphibious, 8 rings, camouflage 1,
gelatinous body 1, (nimble swimmer 1), tentacles
a: Begin Untransformation, Renounce Religion, Stomp, Line Pass


You were on level 3 of the Dungeon.
You worshipped Uskayaw.
Uskayaw was noncommittal.
You were a hulking beast.
You visited 1 branch of the dungeon, and saw 3 of its levels.

You collected 91 gold pieces.

Inventory:

Missiles
 p - 8 poisoned darts (quivered)
Armour
 k - an orb of guile
Talismans
 b - a beast talisman
 c - a flux talisman
 f - a maw talisman
Scrolls
 d - a scroll of immolation {unknown}
 e - a scroll of fog
 g - 3 scrolls of teleportation
Potions
 a - 3 potions of lignification
 h - 2 potions of berserk rage
 i - a potion of heal wounds {unknown}
 j - a potion of brilliance {unknown}
 m - a potion of degeneration {unknown}
 q - a potion of might {unknown}


   Skills:
 - Level 1.0 Fighting
 - Level 2.0 Dodging
 + Level 2.3 Stealth
 * Level 3.9 Unarmed Combat
 * Level 3.8 Shapeshifting


You had 3 spell levels left.
You didn't know any spells.
Your spell library contained the following spells:

 Spells                   Type           Power      Damage    Failure   Level
 Magic Dart               Conj           0%         1d3       32%         1
 Blink                    Tloc           0%         N/A       45%         2
 Call Imp                 Summ           0%         N/A       45%         2


Dungeon Overview and Level Annotations

Branches:
Dungeon (3/15)

Altars:
Uskayaw

Annotations:
D:3 2 runed translucent doors, Natasha


Innate Abilities, Weirdness & Mutations

You are a hulking beast.
Your limbs bulge with bestial killing power. (Slay +2)
You cannot wear most types of armour.
You are amphibious.
You can wear up to eight rings at the same time.
Your skin changes colour to match your surroundings (Stealth+).
Your rubbery body absorbs attacks. (AC +1, EV +1)
((You are camouflaged when in or above water. (Stealth+)))
You have tentacles for arms and can constrict up to eight enemies at once.


Message History

The orc throws a boomerang.
The boomerang closely misses you.
The orc throws a boomerang.
The boomerang misses you.
An orc comes into view. It is wielding a +0 club.
You catch the helpless orc completely off-guard!
You tentacle-slap the orc.
You kill the orc!
The orc barely misses you.
You can now stomp with the beat.
You barely miss the orc priest. You grab the orc priest.
You squeeze the orc priest!
The orc priest is heavily wounded.
You constrict the orc priest. The orc priest completely misses you.
The orc barely misses you.
You can now pass through a line of other dancers.
You tentacle-slap the orc priest. You squeeze the orc priest.
You kill the orc priest!
The orc hits you with a +0 mace.
Your Stealth skill increases to level 2!
You have reached level 4!
Okay, then.
You tentacle-slap the orc. Your grab misses the orc.
The orc is moderately wounded.
The orc hits you with a +0 mace!
You stomp with the beat, sending a shockwave through the revellers around you!
The orc is severely wounded.
Natasha is moderately wounded.
Natasha closely misses you. The orc misses you.
You tentacle-slap Natasha. Your grab misses Natasha. You squeeze Natasha.
Natasha is almost dead.
Natasha claws you. The orc hits you with a +0 mace.
* * * LOW HITPOINT WARNING * * *
Uskayaw will force your foes to helplessly watch your dance.
Uskayaw prepares the audience for your solo!
The helpless orc fails to defend itself.
You bludgeon the orc!
You kill the orc!
Natasha is no longer paralysed.
Natasha zaps a wand.
The puff of flame hits you!
You die...
Natasha begins licking her fur clean.

#.##.#
##...#######
#.##.# #....#
#. #.# ##+###
#. #.# #~~S#
#. #.# #~~~#
#.# #~~~# #.#
#~rr#
#.########~?~#
#.....h).#F~~#
#######h## ..#
.## .# +##..
.. ...# .#
...# .# #..#
#..# #


You could see Natasha.

Vanquished Creatures
  An orc priest (D:3)
  2 orcs (D:3)
  4 bats
  An endoplasm (D:1)
  A giant cockroach (D:1)
  5 hobgoblins
  2 jackals (D:3)
  6 ball pythons
  6 frilled lizards
  7 goblins
  9 kobolds
  6 rats
50 creatures vanquished.

Notes
Turn   | Place    | Note
-------+----------+-------------------------------------------
     0 | D:1      | KKCryptic the Octopode Shapeshifter began the quest for the
                  | Orb.
     0 | D:1      | Reached XP level 1. HP: 13/13 MP: 1/1
   179 | D:1      | Reached XP level 2. HP: 11/18 MP: 2/2
   280 | D:1      | Reached skill level 1 in Stealth
   545 | D:1      | You fall into a shaft and drop 1 floor!
   611 | D:2      | Reached XP level 3. HP: 23/23 MP: 3/3
  1222 | D:3      | Found a runed translucent door.
  1233 | D:3      | Found a hide-covered altar of Uskayaw.
  1286 | D:3      | Became a worshipper of Uskayaw the Reveller
  1301 | D:3      | Found a runed translucent door.
  1305 | D:3      | Noticed a bullfrog
  1391 | D:3      | Noticed Natasha
  1398 | D:3      | Reached * piety under Uskayaw
  1399 | D:3      | Reached ** piety under Uskayaw
  1401 | D:3      | Reached XP level 4. HP: 24/28 MP: 4/4
  1403 | D:3      | Reached *** piety under Uskayaw
  1404 | D:3      | Killed from afar by Natasha

Illustrated notes

Levels and vault maps discovered:
D:1:      wander_arrival_abandoned_jail, layout_basic
D:2:      minmay_chambers_of_ones, layout_basic
D:3:      layout_loops_ring, elyvilon_altar_1, eat_drink_and_be_merry_uskayaw,
          ebering_ghost_sewer_f, basic_ecumenical_altar, uniq_natasha

Skill      XL: |  1  2  3 |
---------------+----------+-----
Stealth        | 1 2 |  2.3
Fighting       | |  1.0
Dodging        | |  2.0
Unarmed Combat | |  3.9
Shapeshifting  | |  3.8

Action                     |  1- 3 |  4- 6 || total
---------------------------+-------+-------++-------
  Melee: Unarmed           |    69 |     3 ||    72
         Constrict         |    18 |       ||    18
         Tentacles         |    12 |     1 ||    13
         Punch             |     3 |       ||     3
 Invoke: Stomp             |       |     1 ||     1
    Use: Scroll            |     7 |       ||     7
   Stab: Sleeping          |    10 |       ||    10
         Distracted        |     1 |       ||     1
         Paralysed         |       |     1 ||     1
 Armour: Skin              |    18 |     4 ||    22
  Dodge: Dodged            |    35 |     2 ||    37
